Match 39063394
Unlisted

Match 39063394
End
Kettenkrad Recon Vehicle
Construct Infanterie Kompanie
Selects Breakthrough Battlegroup
Selects Assault Grenadiers
Grenadier Squad
MG 42 Machine Gun Team
Grenadier Squad
Construct Luftwaffe Kompanie
221 Scout Car
Selects Rapid Production
GrW 34 Mortar Team
Pioneer Squad
Medical Station
Luftwaffe Officer Quarters
Jäger Squad
Jäger Squad
Construct Panzer Kompanie
Selects Blitzkrieg
Stoßtruppen Squad
Panzer Officer Quarters
Panzer IV Medium Tank
GL no HF
只愛❤毛妹
0
0

Comments sign in to comment!

No comments posted yet!